 Dungeon Crawl Stone Soup version 0.18-a0-1782-gb76a692 (webtiles) character file.

115593 M4edhros the Orthodox (level 16, -2/113 HPs)
             Began as an Octopode Artificer on Apr 17, 2016.
             Was an Elder of Zin.
             Killed from afar by a shock serpent (25 damage)
             ... with a bolt of electricity
             ... on level 2 of the Snake Pit.
             The game lasted 03:33:10 (43597 turns).

M4edhros the Orthodox (Octopode Artificer)         Turns: 43597, Time: 03:33:11

Health: -2/113     AC: 10    Str: 15    XL:     16   Next: 69%
Magic:  24/28      EV: 30    Int: 19    God:    Zin [****..]
Gold:   222        SH:  7    Dex: 25    Spells: 6 memorised, 6 levels left

rFire  + + .     SeeInvis .     a - +7 greatsling (freeze)
rCold  + . .     Gourm    +     P - +0 buckler
rNeg   + . .     Faith    .     L - +1 hat
rPois  .         Spirit   .     x - amulet of the gourmand
rElec  .         Dismiss  .     q - ring of protection from fire
rCorr  .         Reflect  .     r - ring of protection from cold
SustAt .         Harm     .     t - +3 ring of dexterity
MR     +....     Clarity  +     b - ring of flight
Stlth  ++++++++..               i - ring of positive energy
                                D - +4 ring of evasion
                                F - +3 ring of evasion
                                (no ring)

@: short of breath, somewhat resistant to hostile enchantments, extraordinarily
stealthy
A: almost no armour, amphibious, 8 rings, constrict 8, tentacle spike 3,
iridescent scales 1, thin metallic scales 1, yellow scales 1, camouflage 2,
agile 2, blink, clarity, clever 2, deterioration 1, fire resistance 1,
regeneration 1, robust 1, strong 2, wild magic 1, gelatinous body 1, evolution 1
a: Blink, Recite, Vitalisation, Imprison, Donate Gold, Renounce Religion, Evoke
Flight


You were on level 2 of the Snake Pit.
You worshipped Zin.
Zin was greatly pleased with you.
You were full.

You visited 5 branches of the dungeon, and saw 28 of its levels.
You visited the Abyss 1 time.
You also visited: Ossuary and Ice Cave.

You collected 2918 gold pieces.
You spent 2272 gold pieces at shops.
You donated 424 gold pieces to Zin.

Inventory:

Hand Weapons
 a - a +7 greatsling of freezing (weapon)
 c - the +6 spear "Orotwen" {flame, rN+ Int+6}
   (You bought it in a shop on level 6 of the Dungeon)

   It has been specially enchanted to burn those struck by it, causing extra
   injury to most foes and up to half again as much damage against particularly
   susceptible opponents.
   It affects your intelligence (+6).
   It protects you from negative energy.
 G - a +4 short sword of venom
 H - a +2 trident of piercing
 O - a +6 blowgun
Missiles
 f - 113 sling bullets (quivered)
 m - 668 stones
 K - 12 curare-tipped needles
Armour
 L - a +1 hat (worn)
 P - a +0 buckler (worn)
Rods
 S - a +0 lightning rod (9/9)
   (You found it on level 1 of the Lair of Beasts)
Jewellery
 b - a ring of flight (on tentacle)
 i - a ring of positive energy (on tentacle)
 q - a ring of protection from fire (left tentacle)
 r - a ring of protection from cold (right tentacle)
 t - a +3 ring of dexterity (on tentacle)
 x - an amulet of the gourmand (around mantle)
 B - an uncursed amulet of dismissal
 D - a +4 ring of evasion (on tentacle)
 F - a +3 ring of evasion (on tentacle)
 I - an uncursed amulet of rage
Wands
 e - a wand of lightning (5/15)
 g - a wand of paralysis (7/24)
 p - a wand of confusion (19/48)
 s - a wand of lightning (3/15)
 y - a wand of acid (3/15)
 E - a wand of teleportation (1/9)
 N - a wand of lightning (9/15)
 Q - a wand of lightning (3/15)
 U - a wand of iceblast (4/15)
Scrolls
 h - a scroll of fog
 j - 4 scrolls of immolation
 T - a scroll of identify
 Y - a scroll of magic mapping
Potions
 k - 3 potions of curing
 n - 2 potions of resistance
 v - 3 potions of magic
 w - a potion of invisibility
 z - a potion of agility
 M - a potion of cancellation
 R - a potion of haste
 X - 3 potions of might
 Z - a potion of ambrosia
Miscellaneous
 d - a fan of gales
 u - a phantom mirror
 A - an ornate deck of wonders
Comestibles
 l - a beef jerky
 o - 25 fruits
 C - 3 meat rations
 J - 8 bread rations
 V - 14 royal jellies
 W - a slice of pizza


   Skills:
 + Level 7.0 Fighting
 - Level 1.0 Short Blades
 + Level 4.6 Polearms
 - Level 14.1 Slings
 - Level 10.1 Dodging
 - Level 11.6 Stealth
 - Level 6.8 Shields
 - Level 3.4 Spellcasting
 - Level 3.5 Hexes
 - Level 5.2 Charms
 - Level 5.2 Necromancy
 - Level 6.3 Translocations
 * Level 16.5 Invocations
 - Level 5.8 Evocations


You had 6 spell levels left.
You knew the following spells:

 Your Spells              Type           Power        Failure   Level  Hunger
a - Apportation           Tloc           #####.....   2%          1    None
b - Spectral Weapon       Hex/Chrm       ####....     14%         3    ###....
c - Shroud of Golubria    Chrm/Tloc      ####......   3%          2    ##.....
d - Portal Projectile     Tloc           #####.       6%          3    ###....
e - Regeneration          Chrm/Necr      ####......   10%         3    ###....
f - Ozocubu's Armour      Chrm/Ice       ###.....     24%         3    ###....


Dungeon Overview and Level Annotations

Branches:
Dungeon (15/15)            Temple (1/1) D:5            Lair (8/8) D:10
 Shoals (0/4) Lair:6        Snake (2/4) Lair:3        Slime (0/6) Lair:8
    Orc (2/2) D:9             Elf (0/3) Orc:2        Vaults (0/5) D:13
 Depths: D:15

Altars:
Ashenzari
Cheibriados
Dithmenos
Elyvilon
Fedhas
Gozag
Kikubaaqudgha
Makhleb
Nemelex Xobeh
Okawaru
Pakellas
Qazlal
Ru
Sif Muna
Trog
Vehumet
Xom
Yredelemnul
Zin
The Shining One
Beogh

Shops:
D:4 *   D:5 [   D:6 (   D:8 (   Orc:2 ([*=

Annotations:
D:10 exclusion: ugly thing
D:12 Azrael
Snake:2 Aizul


Innate Abilities, Weirdness & Mutations

You cannot wear most types of armour.
You are amphibious.
You can wear up to eight rings at the same time.
You can use your tentacles to constrict eight enemies at once.
Your skin blends seamlessly with your surroundings (Stealth).
Your rubbery body absorbs attacks (AC +1).
One of your tentacles bears a large vicious spike.
You are partially covered in iridescent scales (AC +4).
You are partially covered in thin metallic scales (AC +2).
You are partially covered in yellow scales (AC +2).
You are very agile. (Dex +4)
You can translocate small distances at will.
You possess an exceptional clarity of mind.
Your mind is very acute. (Int +4)
Your body sometimes deteriorates upon taking damage.
Your flesh is heat resistant.
Your natural rate of healing is unusually fast.
You are robust (+10% HP).
Your muscles are very strong. (Str +4)
Your spells are a little harder to cast, but a little more powerful.
You evolve.


Message History

Aim: a shock serpent (severely wounded, chance to defeat MR: 40%)
Okay, then.
Evoke which item? (* to show all) (? for menu, Esc to quit)
Okay, then.
Drink which item? (? for menu, Esc to quit)
Okay, then.
Drink which item? (? for menu, Esc to quit)
Okay, then.
Evoke which item? (* to show all) (? for menu, Esc to quit)
Okay, then.
Press: ? - help, Dir - move target cursor, f/p - shock serpent
Aim: a shock serpent (severely wounded) Zin imprisons the shock serpent with walls of pure silver!
You feel somewhat less full.
Things that are here:
a dagger of venom; a robe Zin releases the shock serpent from its prison.
The shock serpent shoots out a bolt of lightning at you!
The bolt of electricity hits you!
You die...

#...........#
##.........#
###..###### ### ##
##..#####..... $.#
##..........#
.....#
##..##########
........### ##..##
....)......##
##.###
............####@##
.............#...#
.................#
.....(...(..†#.)÷#
.....(......##...#
..(.).......##.÷.#
##(...[...)#S...#
#.).(....).....#
#.(............#


You could see a shock serpent.

Vanquished Creatures
  Saint Roka (Orc:2)
  Snorg (Lair:8)
  Josephine (Lair:8)
  4 naga warriors
  Erolcha (D:13)
  7 hydras
  2 centaur warriors
  8 anacondas
  A tengu warrior (D:14)
  2 death yaks (Lair:6)
  5 rime drakes
  An orc high priest (Orc:2)
  4 naga sharpshooters
  Sonja (Lair:1)
  3 shock serpents
  An unseen horror (D:10)
  A hill giant (D:11)
  The ghost of simok the Cruncher, a novice DEBe of Trog (D:7)
  3 naga ritualists
  A necromancer (IceCv)
  2 mana vipers (Snake:1)
  A deep elf mage (D:11)
  5 orc knights
  A wolf spider zombie (D:12)
  3 orc sorcerers (Orc:2)
  2 griffons
  3 cyclopes
  2 ugly things
  A faun (shapeshifter) (D:13)
  4 salamanders
  3 manticores
  Maurice (D:8)
  19 black mambas
  8 elephants
  An ice statue (IceCv)
  2 guardian serpents
  18 spiny frogs
  4 naga magi
  4 gargoyles
  5 komodo dragons
  11 freezing wraiths
  A spriggan druid (Lair:8)
  9 trolls
  A queen bee (Lair:8)
  A two-headed ogre (Orc:2)
  6 polar bears
  A two-headed ogre (shapeshifter) (D:13)
  5 slime creatures
  23 blink frogs
  5 redbacks (Lair:8)
  50 yaks
  A vampire (D:10)
  8 spriggans (Lair:8)
  3 wyverns
  Sigmund (D:3)
  5 wraiths
  A hill giant zombie (D:9)
  A tarantella (shapeshifter) (D:13)
  4 fire elementals (D:13)
  A yak (shapeshifter) (D:13)
  7 basilisks
  16 hippogriffs
  5 hungry ghosts
  5 vampire mosquitoes
  A warg (Orc:2)
  A death yak simulacrum (IceCv)
  A steam dragon (D:7)
  Menkaure (D:5)
  18 nagas
  3 soldier ants
  10 water moccasins
  2 hell hounds (D:13)
  4 porcupines
  4 black bears (Lair:8)
  33 orc warriors
  3 sky beasts
  19 ice beasts
  A phantom (D:12)
  5 wasps
  A necrophage (D:9)
  14 ogres
  6 centaurs
  28 wolves (Lair:8)
  18 crocodiles
  A big kobold (D:11)
  Blork the orc (D:5)
  20 giant frogs
  6 jellies
  2 troll zombies (D:9)
  2 wyvern skeletons
  3 scorpions
  A water moccasin skeleton (D:7)
  An elephant simulacrum (IceCv)
  31 killer bees
  4 wights (D:6)
  2 electric eels (Lair:2)
  2 howler monkeys
  8 crimson imps
  A giant frog zombie (D:8)
  A lava snake (D:14)
  A quasit (D:11)
  3 draconian simulacra (IceCv)
  2 centaur zombies
  A gnoll shaman (D:4)
  24 orc priests
  2 giant frog skeletons
  12 hounds
  2 centaur skeletons
  Ijyb (D:3)
  6 iguanas
  39 orc wizards
  A spriggan simulacrum (IceCv)
  3 troll simulacra (IceCv)
  16 worker ants
  5 ogre zombies (D:9)
  22 sheep
  A hound skeleton (D:6)
  4 mummies
  16 adders
  7 gnolls
  A howler monkey skeleton (D:10)
  10 naga simulacra (IceCv)
  3 ogre simulacra (IceCv)
  37 river rats
  4 shadow imps
  12 white imps (IceCv)
  An ooze (D:3)
  3 adder zombies
  An adder skeleton (D:7)
  2 dart slugs
  2 worms
  5 giant geckos
  107 orcs
  23 bats
  5 giant cockroaches
  6 goblins
  10 hobgoblins
  7 jackals
  2 quokkas
  2 ball pythons
  A giant gecko skeleton (D:6)
  4 giant newts
  2 gnoll zombies (Ossuary)
  A goblin skeleton (D:9)
  4 goblin zombies
  3 hobgoblin skeletons (D:9)
  5 hobgoblin zombies
  A jackal skeleton (D:4)
  12 kobolds
  3 kobold zombies (Ossuary)
  3 orc skeletons (D:9)
  15 orc zombies
  A quokka skeleton (D:6)
  8 quokka zombies
  16 rats
  A rat zombie (Ossuary)
  5 fungi
1064 creatures vanquished.

Vanquished Creatures (collateral kills)
  A hydra (Lair:2)
  An unseen horror (D:15)
  A griffon (Lair:8)
  A polar bear (Lair:8)
  A wolf spider simulacrum (IceCv)
  A redback (Lair:8)
  A hippogriff (Lair:2)
  A warg (D:15)
  A water moccasin (Lair:8)
  A wolf (Lair:8)
  A polar bear simulacrum (IceCv)
  A gnoll (D:2)
12 creatures vanquished.

Vanquished Creatures (others)
  A guardian serpent (Snake:2)
  A spiny frog (Lair:1)
  A yak (Lair:8)
  A warg (Orc:2)
  A porcupine (Lair:2)
  2 gnolls
  A river rat (Lair:2)
  3 orcs (D:5)
  A giant newt (D:5)
  4 bushes (Lair:8)
  43 fungi
  2 pillars of salt (IceCv)
  24 plants
  18 spectral weapons
103 creatures vanquished.

Grand Total: 1179 creatures vanquished

Notes
Turn   | Place    | Note
--------------------------------------------------------------
     0 | D:1      | M4edhros the Octopode Artificer began the quest for the Orb.
     0 | D:1      | Reached XP level 1. HP: 13/13 MP: 3/3
    49 | D:1      | Reached XP level 2. HP: 13/18 MP: 4/4
   348 | D:1      | Reached XP level 3. HP: 23/23 MP: 5/5
   618 | D:1      | Found a sparkling altar of Nemelex Xobeh.
   939 | D:2      | Reached skill level 5 in Stealth
   944 | D:2      | Reached XP level 4. HP: 12/28 MP: 6/6
  1305 | D:3      | Reached XP level 5. HP: 21/33 MP: 7/7
  1701 | D:4      | Gained mutation: You possess an exceptional clarity of mind. [potion of mutation]
  1701 | D:4      | Gained mutation: You are partially covered in molten scales (AC +1). [potion of mutation]
  1892 | D:4      | Found a glowing silver altar of Zin.
  1892 | D:4      | Found a shadowy altar of Dithmenos.
  1899 | D:4      | Reached XP level 6. HP: 38/38 MP: 8/8
  1965 | D:4      | Found Eqeejuph's Assorted Antiques.
  1988 | D:4      | Bought a scroll labeled MYLILL KATZOI for 22 gold pieces
  1988 | D:4      | Bought a scroll labeled MIPISUUGRIU for 22 gold pieces
  1988 | D:4      | Bought a scroll labeled YXAV QISECA for 22 gold pieces
  2284 | D:5      | Entered Level 5 of the Dungeon
  2353 | D:5      | Reached skill level 10 in Stealth
  2353 | D:5      | Reached XP level 7. HP: 27/43 MP: 9/9
  2358 | D:5      | Found Raiv's Armour Shoppe.
  2464 | D:5      | Found a sand-covered staircase.
  2474 | Ossuary  | Entered an ossuary
  2807 | D:5      | Noticed Blork the orc
  2813 | D:5      | Killed Blork the orc
  2882 | D:5      | Found a white marble altar of Elyvilon.
  2937 | D:5      | Found a basalt altar of Yredelemnul.
  3034 | D:5      | Noticed Menkaure
  3037 | D:5      | Killed Menkaure
  3102 | D:5      | Reached XP level 8. HP: 48/48 MP: 10/10
  3319 | D:5      | Found a staircase to the Ecumenical Temple.
  3413 | Temple   | Entered the Ecumenical Temple
  3730 | Temple   | Became a worshipper of Xom of Malicious Giggling
  3890 | D:6      | Reached skill level 1 in Slings
  3891 | D:6      | XOM: silly message
  4047 | D:6      | XOM: divination: detect creatures
  4243 | D:6      | XOM: harmless Hex miscast
  4352 | D:6      | Reached skill level 5 in Dodging
  4359 | D:6      | Found Qanax's Weapon Shop.
  4819 | Temple   | XOM: god gift: glowing iron ring {god gift}
  5392 | Temple   | XOM: vitrification
  5517 | Temple   | XOM: give mutation
  5517 | Temple   | Gained mutation: You are agile. (Dex +2) [Xom's grace]
  5650 | Temple   | XOM is BORED!
  5650 | Temple   | XOM: mild Air miscast
  6232 | Temple   | XOM is BORED!
  6232 | Temple   | XOM: medium Divn miscast
  6315 | Temple   | XOM: give mutations
  6315 | Temple   | Gained mutation: You are partially covered in yellow scales (AC +2). [Xom's grace]
  6315 | Temple   | Gained mutation: Your system is resistant to poisons. [Xom's grace]
  6315 | Temple   | Gained mutation: One of your tentacles bears a spike. [Xom's grace]
  7766 | Temple   | XOM: 2-stop teleportation journey
  7898 | Temple   | XOM: divination: detect creatures
  8086 | Temple   | XOM: scenery: 4 doors close
  8305 | Temple   | XOM: scenery: 4 doors open
  8390 | Temple   | XOM: give mutations
  8390 | Temple   | Gained mutation: Your spells are a little harder to cast, but a little more powerful. [Xom's grace]
  8390 | Temple   | Gained mutation: Your skin blends seamlessly with your surroundings (Stealth). [Xom's grace]
  8526 | Temple   | XOM: harmless Ice miscast
  8591 | Temple   | XOM: give mutation
  8591 | Temple   | Gained mutation: You are very agile. (Dex +4) [Xom's grace]
  8973 | Temple   | XOM: 6-stop teleportation journey
  9286 | Temple   | XOM is BORED!
  9286 | Temple   | XOM: give mutations
  9286 | Temple   | Gained mutation: You are robust (+10% HP). [Xom's mischief]
  9286 | Temple   | Lost mutation: You are partially covered in molten scales (AC +1). [Xom's mischief]
  9286 | Temple   | Gained mutation: Your body sometimes deteriorates upon taking damage. [Xom's mischief]
  9383 | Temple   | XOM: scenery: 4 doors close
  9473 | Temple   | XOM: scenery: 4 doors open
  9771 | D:3      | Noticed Sigmund
 10073 | D:3      | XOM: vitrification
 10246 | D:3      | XOM: god gift: 13 gold pieces
 10731 | D:3      | Killed Sigmund
 11339 | D:3      | XOM: scenery: create altars
 12150 | D:3      | XOM is BORED!
 12150 | D:3      | XOM: mild Chrm miscast
 12901 | D:3      | XOM is BORED!
 12901 | D:3      | XOM: stat loss: -1 Dex (20/21)
 13557 | D:3      | XOM: god gift: droning book {god gift}
 13558 | D:3      | Identified Eleagik's Papyrus of Enhancements and Evil Secrets (Xom gifted it to you on level 3 of the Dungeon)
 13563 | D:3      | Learned a level 3 spell: Regeneration
 13567 | D:3      | Learned a level 3 spell: Spectral Weapon
 13771 | D:3      | XOM: god gift: scroll labeled TIWOEK OPTISS
 14068 | D:3      | XOM: vitrification
 14233 | D:3      | XOM is BORED!
 14233 | D:3      | XOM: stat loss: -2 Str (8/10)
 14407 | D:3      | XOM: give mutations
 14407 | D:3      | Gained mutation: Your muscles are strong. (Str +2) [Xom's grace]
 14407 | D:3      | Gained mutation: You can translocate small distances at will. [Xom's grace]
 14407 | D:3      | Gained mutation: You are very robust (+20% HP). [Xom's grace]
 14446 | D:3      | XOM: harmless Trmt miscast
 14481 | D:3      | XOM: mild Tloc miscast
 14498 | D:3      | Noticed a deep troll
 14521 | D:3      | Noticed Ijyb
 14528 | D:3      | Killed Ijyb
 14528 | D:3      | Reached skill level 1 in Charms
 14528 | D:3      | Reached skill level 1 in Necromancy
 14578 | D:2      | XOM: vitrification
 15067 | D:2      | XOM: 1-stop teleportation journey
 15399 | D:2      | Found a deep blue altar of Sif Muna.
 15424 | D:3      | Noticed a deep troll earth mage
 15424 | D:3      | Noticed a deep troll
 15424 | D:3      | Noticed a deep troll earth mage
 15424 | D:3      | Noticed a deep troll
 15701 | D:5      | XOM: give mutations
 15701 | D:5      | Gained mutation: Your mind is acute. (Int +2) [Xom's grace]
 15701 | D:5      | Gained mutation: Your natural rate of healing is unusually fast. [Xom's grace]
 15701 | D:5      | Gained mutation: One of your tentacles bears a nasty spike. [Xom's grace]
 15701 | D:5      | Gained mutation: You evolve. [Xom's grace]
 15852 | D:5      | Reached XP level 9. HP: 40/63 MP: 11/11
 16126 | D:5      | XOM: scenery: 1 doors close
 16644 | D:6      | XOM: give mutations
 16644 | D:6      | Gained mutation: You are partially covered in iridescent scales (AC +4). [Xom's grace]
 16644 | D:6      | Gained mutation: One of your tentacles bears a large vicious spike. [Xom's grace]
 16644 | D:6      | Gained mutation: You are partially covered in thin metallic scales (AC +2). [Xom's grace]
 16695 | D:6      | XOM: vitrification
 17010 | D:6      | XOM: 2-stop teleportation journey
 17416 | D:6      | XOM: divination: detect items
 17418 | D:6      | XOM: 1-stop teleportation journey
 17479 | D:6      | XOM: scenery: 2 doors open
 17569 | D:6      | XOM: give mutations
 17569 | D:6      | Gained mutation: Your flesh is heat resistant. [Xom's grace]
 17569 | D:6      | Gained mutation: Your muscles are very strong. (Str +4) [Xom's grace]
 17938 | D:6      | XOM: scenery: create altars
 17995 | D:6      | Found a blossoming altar of Fedhas.
 18005 | D:6      | XOM: scenery: 2 doors open, 1 doors close
 18032 | D:6      | Found an ancient bone altar of Kikubaaqudgha.
 19062 | D:7      | Noticed simok's ghost (novice DEBe)
 19067 | D:7      | XOM: destruction
 19080 | D:6      | XOM: fog
 19084 | D:6      | Reached skill level 5 in Charms
 19088 | D:6      | Reached skill level 5 in Necromancy
 19209 | D:4      | Fell from the grace of Xom
 19209 | D:4      | Became a worshipper of Zin the Law-Giver
 19209 | D:4      | Reached * piety under Zin
 19242 | D:4      | Donated 127 gold pieces to Zin
 19465 | D:8      | Reached skill level 1 in Invocations
 19562 | D:8      | Noticed Maurice
 19575 | D:8      | Reached skill level 1 in Hexes
 19642 | D:8      | Reached skill level 2 in Invocations
 19678 | D:8      | Reached XP level 10. HP: 62/69 MP: 12/12
 19741 | D:8      | Reached ** piety under Zin
 19747 | D:8      | XOM: give mutation
 19747 | D:8      | Lost mutation: Your system is resistant to poisons. [Xom's mischief]
 19799 | D:8      | XOM: god gift: scroll labeled ATEKEO AL NAON
 19849 | D:7      | Reached skill level 3 in Invocations
 20216 | D:8      | XOM: mild Pois miscast
 20301 | D:8      | Found Kett's Weapon Shop.
 20348 | D:8      | Found a burning altar of Makhleb.
 20832 | D:7      | Killed simok's ghost
 20832 | D:7      | Reached skill level 4 in Invocations
 20914 | D:7      | XOM: noise
 21088 | D:9      | Found an oddly glowing altar of Pakellas.
 21660 | D:8      | Killed Maurice
 21662 | D:8      | Reached *** piety under Zin
 21710 | D:9      | Noticed Gastronok
 21835 | D:9      | XOM: harmless Ice miscast
 21849 | D:9      | XOM: silly message
 21870 | D:9      | Found a sacrificial altar of Ru.
 21870 | D:9      | Found an opulent altar of Gozag.
 21871 | D:9      | Found a shattered altar of Ashenzari.
 22004 | D:9      | Reached skill level 5 in Invocations
 22004 | D:9      | Reached skill level 5 in Evocations
 22142 | D:9      | Found a sparkling altar of Nemelex Xobeh.
 22191 | D:9      | XOM: silly message
 22224 | D:9      | Reached **** piety under Zin
 22238 | D:9      | Noticed a brown ugly thing
 22242 | D:9      | Killed a brown ugly thing
 22242 | D:9      | Reached skill level 5 in Slings
 22242 | D:9      | Reached XP level 11. HP: 67/79 MP: 15/15
 22243 | D:9      | Found a staircase to the Orcish Mines.
 22652 | D:9      | XOM: medium Tloc miscast
 22653 | D:9      | Cast into level 2 of the Abyss (the capriciousness of Xom)
 22688 | Abyss:2  | Noticed a starcursed mass
 22700 | D:9      | Escaped the Abyss
 22753 | D:9      | XOM: noise
 22775 | D:9      | Reached skill level 6 in Invocations
 22807 | D:9      | Reached ***** piety under Zin
 22827 | D:9      | XOM: medium Fire miscast
 23144 | D:10     | Entered Level 10 of the Dungeon
 23332 | D:10     | Noticed a white ugly thing
 23625 | D:10     | Killed an unseen horror
 23776 | D:10     | Reached skill level 7 in Invocations
 23860 | D:10     | XOM: noise
 23968 | D:10     | Killed a white ugly thing
 24118 | D:11     | Noticed a hill giant
 24128 | D:11     | XOM: noise
 24162 | D:11     | Killed a hill giant
 24352 | D:12     | Found an iron altar of Okawaru.
 24422 | D:11     | Noticed a deep elf mage
 24602 | D:11     | Killed a deep elf mage
 24602 | D:11     | Reached skill level 8 in Invocations
 24610 | D:11     | Reached XP level 12. HP: 43/90 MP: 10/18
 24698 | D:12     | XOM: medium Divn miscast
 25039 | D:10     | Found a staircase to the Lair.
 25130 | D:8      | Bought a +2 greatsling of evasion for 360 gold pieces
 25205 | D:9      | Reached skill level 5 in Fighting
 25232 | Lair:1   | Entered Level 1 of the Lair of Beasts
 25234 | Lair:1   | Lost mutation: You are very robust (+20% HP). [evolution]
 25257 | Lair:1   | Found an ancient bone altar of Kikubaaqudgha.
 25304 | Lair:1   | Reached skill level 9 in Invocations
 25314 | Lair:1   | Noticed a four-headed hydra
 25319 | Lair:1   | Killed a four-headed hydra
 25413 | Lair:1   | XOM: medium Ice miscast
 25576 | Lair:2   | Noticed an eight-headed hydra
 25605 | Lair:1   | Noticed Sonja
 25724 | Lair:1   | Killed Sonja
 25816 | Lair:1   | Noticed a five-headed hydra
 25849 | Lair:1   | Killed a five-headed hydra
 25899 | Lair:2   | Reached skill level 10 in Invocations
 26106 | Lair:2   | Learned a level 2 spell: Shroud of Golubria
 26110 | Lair:2   | Learned a level 3 spell: Portal Projectile
 26127 | Lair:3   | Noticed a five-headed hydra
 26134 | Lair:3   | Killed a five-headed hydra
 26162 | Lair:3   | Reached XP level 13. HP: 81/91 MP: 20/20
 26178 | Lair:3   | Reached skill level 1 in Translocations
 26444 | Lair:3   | Reached skill level 10 in Slings
 26608 | Lair:2   | XOM: god gift: 3 scrolls of amnesia
 26786 | Lair:4   | Learned a level 1 spell: Apportation
 27014 | Lair:4   | Reached skill level 11 in Invocations
 27146 | Lair:4   | XOM: god gift: scroll of amnesia
 27476 | Lair:5   | Found a frozen archway.
 27542 | IceCv    | Entered an ice cave
 27852 | IceCv    | Reached skill level 10 in Dodging
 28039 | IceCv    | Found an ancient bone altar of Kikubaaqudgha.
 28351 | IceCv    | XOM: mild Erth miscast
 29013 | Lair:5   | Reached skill level 12 in Invocations
 29176 | Lair:5   | Reached XP level 14. HP: 99/99 MP: 23/23
 29245 | Lair:6   | Found a staircase to the Shoals.
 29304 | Lair:6   | XOM: give mutation
 29429 | Lair:6   | XOM: polymorph river rat -> iguana
 29552 | Lair:6   | Reached skill level 1 in Spellcasting
 29988 | Lair:7   | Learned a level 3 spell: Ozocubu's Armour
 30086 | Lair:7   | Reached skill level 5 in Translocations
 30244 | Lair:8   | Entered Level 8 of the Lair of Beasts
 30289 | Lair:8   | Noticed Snorg
 30315 | Lair:8   | XOM: blink monster(s)
 30360 | Lair:8   | HP: 4/99 [Snorg (15)]
 30360 | Lair:8   | Zin protects you from harm!
 30475 | Lair:8   | XOM: scenery: create altars
 30536 | Lair:8   | Found a staircase to the Slime Pits.
 30990 | Lair:8   | XOM: noise
 30990 | Lair:8   | Was forgiven by Xom
 31324 | Lair:8   | Reached skill level 13 in Invocations
 31554 | Lair:8   | Noticed Josephine
 31599 | Lair:8   | Killed Josephine
 31615 | Lair:8   | Noticed an acid blob
 31712 | Lair:8   | Killed Snorg
 32355 | Orc:1    | Entered Level 1 of the Orcish Mines
 32446 | Orc:1    | Found a roughly hewn altar of Beogh.
 32476 | Orc:1    | Gained mutation: Your mind is very acute. (Int +4) [evolution]
 32545 | Orc:1    | Found a roughly hewn altar of Beogh.
 32632 | Orc:1    | Reached XP level 15. HP: 103/103 MP: 21/25
 32854 | Orc:2    | Entered Level 2 of the Orcish Mines
 32859 | Orc:2    | Reached ****** piety under Zin
 32936 | Orc:2    | Found a staircase to the Elven Halls.
 33291 | Orc:2    | Noticed Saint Roka
 33292 | Orc:2    | Found a roughly hewn altar of Beogh.
 34236 | Orc:2    | Reached skill level 14 in Invocations
 34411 | Orc:2    | Found Jus Xioj's Antique Weapon Boutique.
 34415 | Orc:2    | Found Gozatuage's General Store.
 34477 | Orc:2    | Killed Saint Roka
 34500 | Orc:2    | Found Sogedwis's Antique Armour Boutique.
 34504 | Orc:2    | Found Tidwuom's Jewellery Boutique.
 34626 | Orc:2    | Bought an uncursed amulet of dismissal for 330 gold pieces
 34626 | Orc:2    | Bought a +4 ring of evasion for 396 gold pieces
 34629 | Orc:2    | Bought a +3 ring of evasion for 231 gold pieces
 34788 | Orc:2    | Bought an embroidered hat for 120 gold pieces
 35195 | D:13     | Noticed Azrael
 35554 | D:13     | Reached skill level 1 in Shields
 35827 | D:13     | Found a gate to the Vaults.
 36295 | D:13     | Noticed Erolcha
 36299 | D:13     | Paralysed by Erolcha for 5 turns
 36310 | D:13     | Killed Erolcha
 37216 | D:14     | Found a shimmering altar of Xom.
 37216 | D:14     | Found a shimmering altar of Xom.
 37216 | D:14     | Found a shimmering altar of Xom.
 37219 | D:14     | Found a shimmering altar of Xom.
 37220 | D:14     | Found a shimmering altar of Xom.
 37268 | D:14     | Found a shimmering altar of Xom.
 37491 | D:15     | Entered Level 15 of the Dungeon
 37523 | D:15     | Reached skill level 15 in Invocations
 37965 | D:15     | Found a sacrificial altar of Ru.
 39452 | Lair:7   | Reached skill level 5 in Shields
 40262 | Lair:3   | Found a staircase to the Snake Pit.
 40543 | Lair:3   | Reached XP level 16. HP: 108/108 MP: 27/27
 40928 | D:6      | Bought the +6 spear "Orotwen" {flame, rN+ Int+6} for 769 gold pieces
 41122 | Snake:1  | Entered Level 1 of the Snake Pit
 41299 | Snake:1  | Reached skill level 1 in Polearms
 42268 | Snake:1  | Reached skill level 16 in Invocations
 42983 | Snake:2  | Noticed Aizul
 43597 | Snake:2  | Killed from afar by a shock serpent

Vault maps used:
D:1:      sevenhm_arrival_forest_fort_small_6
D:2:      led_sif_pool
D:3:      uniq_iyjb, uniq_sigmund
D:4:      grunt_temple_overflow_open, first_bread, serial_shops,
          nicolae_shop_overgrown_old_shop
D:5:      kennysheep_ying_yang, lemuel_temple_firewalk_marked,
          nicolae_ossuary_entry_giza, serial_shops, kennysheep_little_box,
          uniq_menkaure, uniq_blork_the_orc
D:6:      grunt_temple_overflow_growth_and_decay, serial_shops,
          nicolae_shop_trees
D:8:      marbit_many_paths, serial_shops, shop, uniq_maurice
D:9:      nicolae_overflow_quartered_altars, zombieorc2_lemuel,
          hangedman_pestilent_swarm, grunt_pakellas_salt, uniq_gastronok
D:10:     minmay_distorted_concentric_squares, grunt_lair_entry_orc_guard_hut
D:12:     basic_altar
D:13:     david_vaults_2, water_boxes_lemuel, uniq_erolcha, uniq_azrael
D:14:     serial_glass, glass_columns_b, glass_columns_b,
          minmay_strange_pillars, grunt_dithmenos_shadows, kennysheep_diamond,
          hangedman_abyss_or_decor_clamps, xom_redecorated
D:15:     hangedman_depths_entry_try_elsewhere_first, nicolae_ru_path_of_blood,
          hangedman_weighted_door
Temple:   grunt_temple_mini_profane_8
Lair:1:   basic_altar, beast_lair_carwin_8, serial_bayou_shore_a, uniq_sonja
Lair:2:   serial_bayou_lagoon_b
Lair:3:   guppyfry_snake_entry_garden, st_stairs_7, bh_autumn_forest_stairs
Lair:4:   serial_forest, infiniplex_forest_end_1, infiniplex_forest_corner_2,
          infiniplex_forest_lined_room_2, infiniplex_forest_fountain,
          infiniplex_forest_straight_4, infiniplex_forest_diagonal,
          beast_lair_carwin_4
Lair:5:   portal_ice_cave_entry_ice_beasts, hibernation_bobbens,
          infiniplex_staircase_pool_2
Lair:6:   shoals_dummy_entry, grunt_megastairs_4
Lair:8:   minmay_lair_end_enchanted_forest, minmay_slime_entry_pillars,
          special_room, uniq_snorg, uniq_josephine
Snake:2:  uniq_aizul
Orc:1:    basic_altar, mines1_david
Orc:2:    grunt_orc_cross
Abyss:2:  minivault_13, serial_sigils_hangedman_snap
Ossuary:  ossuary_minmay_chase
IceCv:    ice_cave_small_necro

Skill      XL: |  1  2  3  4  5  6  7  8  9 10 11 12 13 14 15 16 |
---------------+-------------------------------------------------+-----
Stealth        | 3 4 5 6 8 10 11 | 11.6
Dodging        | 4 5 7 8 9 10 | 10.1
Slings         | 3 5 7 9 11 13 14 | 14.1
Charms         | 1 5 |  5.2
Necromancy     | 1 5 |  5.2
Invocations    | 2 5 8 10 12 13 15 16 | 16.5
Hexes          | 2 3 |  3.5
Evocations     | 5 |  5.8
Fighting       | 2 4 6 7 |  7.0
Translocations | 4 6 |  6.3
Spellcasting   | 3 |  3.4
Shields        | 5 6 |  6.8
Polearms       | 4 |  4.6
Short Blades   | |  1.0

Action                   |  1- 3 |  4- 6 |  7- 9 | 10-12 | 13-15 | 16-18 || total
-------------------------+-------+-------+-------+-------+-------+-------++-------
Melee: Short sword       |    21 |       |   161 |   572 |   863 |       ||  1617
       Constrict         |    15 |    22 |    98 |   129 |   139 |    10 ||   413
       Tentacles         |     9 |    19 |    92 |   200 |   328 |    26 ||   674
       Dagger            |    37 |    81 |   197 |       |       |       ||   315
       Kick              |       |       |   115 |   293 |   497 |    40 ||   945
       Trident           |       |       |       |     5 |    41 |       ||    46
       Spear             |       |       |       |       |       |    81 ||    81
 Fire: Greatsling        |       |       |       |    52 |  1458 |   365 ||  1875
       Blowgun           |       |       |       |       |     6 |       ||     6
Throw: Stone             |       |       |       |       |     4 |       ||     4
 Cast: Spectral Weapon   |       |       |       |    32 |    33 |     4 ||    69
       Apportation       |       |       |       |       |   167 |       ||   167
       Ozocubu's Armour  |       |       |       |       |     8 |       ||     8
Invok: Donate Gold       |       |       |     1 |       |       |       ||     1
       Vitalisation      |       |       |       |     9 |    39 |    11 ||    59
       Recite            |       |       |       |    12 |    46 |     9 ||    67
       Imprison          |       |       |       |     1 |    10 |     6 ||    17
       Sanctuary         |       |       |       |       |     1 |     1 ||     2
 Abil: Blink             |       |       |     1 |     1 |     4 |     4 ||    10
       Evoke Berserk Rag |       |       |       |       |     2 |       ||     2
Evoke: Wand              |     3 |     7 |     9 |    47 |    47 |     7 ||   120
       Fan of gales      |       |       |       |     1 |     4 |       ||     5
       Rod               |       |       |       |       |     6 |     3 ||     9
  Use: Potion            |       |     3 |     1 |     2 |    18 |       ||    24
       Scroll            |       |     5 |     7 |    12 |    17 |     3 ||    44
 Stab: Sleeping          |     8 |    11 |    42 |    37 |    37 |     1 ||   136
       Distracted        |       |       |     4 |     9 |     3 |       ||    16
       Confused          |       |       |       |    15 |    11 |     1 ||    27
       Invisible         |       |       |       |       |    16 |       ||    16
       Paralysed         |       |       |       |       |    15 |     3 ||    18
  Eat: Chunk             |       |     4 |    35 |    13 |    55 |    10 ||   117
       Meat ration       |       |       |     1 |     3 |       |       ||     4
       Bread ration      |       |       |     3 |       |       |       ||     3
       Pizza             |       |       |       |     1 |       |       ||     1
       Royal jelly       |       |       |       |       |     8 |       ||     8
Armor: Skin              |     8 |     5 |    58 |   150 |   224 |    12 ||   457
Dodge: Dodged            |    38 |    47 |   232 |   626 |  2013 |   212 ||  3168
Block: Buckler           |       |       |       |       |   113 |    79 ||   192
